 Dungeon Crawl Stone Soup version 0.29-a0-919-gd064cfad1c (webtiles) character file.

Game seed: 16620514134140743415

46991 IdlyInterested the Slicer (level 14, -3/113 HPs)
             Began as a Demonspawn Wanderer on July 26, 2022.
             Slain by a komodo dragon (13 damage)
             ... on level 5 of the Lair of Beasts.
             The game lasted 01:23:15 (25415 turns).

IdlyInterested the Slicer (Demonspawn Wanderer)    Turns: 25415, Time: 01:23:15

Health: -3/113     AC: 15    Str: 15    XL:     14   Next: 6%
Magic:  24/24      EV: 13    Int: 13    God:
Gold:   506        SH: 18    Dex: 24    Spells: 15/15 levels left

rFire   + . .      SeeInvis .   f - +2 dagger (venom)
rCold   . . .      Faith    .   h - +1 buckler
rNeg    + + .      Spirit   .   x - +4 ring mail {rF+}
rPois   +          Reflect  +   (helmet restricted)
rElec   +          Harm     .   I - scarf {repulsion}
rCorr   +          Rampage  .   m - +0 pair of gloves
Will    +....                   D - +0 pair of boots
Stlth   +.........              G - amulet of Lyator {Reflect rPois Str+2 SH+5}
HPRegen 0.28/turn               o - +6 ring of dexterity
MPRegen 0.19/turn               Q - ring of Jijo Xu Rei {rElec rN++ rCorr MP+9 Stlth-}

@: on berserk cooldown, slowed, studying Spellcasting, repel missiles, very slow
A: horns 2, yellow scales 2, condensation shield
a: no special abilities


You were on level 5 of the Lair of Beasts.
You visited 3 branches of the dungeon, and saw 16 of its levels.

You collected 1041 gold pieces.
You spent 535 gold pieces at shops.

Inventory:

Hand Weapons
 a - a +2 rapier
 f - a +2 dagger of venom (weapon)
 N - a +3 dagger of speed
 S - a +4 scimitar
Missiles
 v - 6 atropa-tipped darts
 J - 5 javelins
 L - 2 throwing nets
Armour
 h - a +1 buckler (worn)
 m - a +0 pair of gloves (worn)
 x - a +4 ring mail of fire resistance (worn)
 A - a +0 scale mail of cold resistance
 D - a +0 pair of boots (worn)
 I - a scarf of repulsion (worn)
 M - a +2 plate armour of fire resistance
 R - a +2 cloak of willpower
Jewellery
 g - a +4 ring of evasion
 j - a +4 ring of protection
 n - a +6 ring of intelligence
 o - a +6 ring of dexterity (left hand)
 p - a ring of protection from fire
 q - a ring of positive energy
 s - a ring of fire
 u - a +6 ring of strength
 F - a +4 ring of evasion
 G - the amulet of Lyator (around neck) {Reflect rPois Str+2 SH+5}
   (You found it on level 6 of the Dungeon)

   [amulet of reflection]

   It reflects blocked missile attacks.
   Str:       It affects your strength (+2).
   rPois:     It protects you from poison.
   SH:        It affects your SH (+5).
 P - a ring of protection from cold
 Q - the ring of Jijo Xu Rei (right hand) {rElec rN++ rCorr MP+9 Stlth-}
   (You found it on level 9 of the Dungeon)

   [ring of resist corrosion]

   rElec:     It insulates you from electricity.
   rN:        It greatly protects you from negative energy.
   MP:        It affects your magic capacity (+9).
   rCorr:     It protects you from acid and corrosion.
   Stlth:     It makes you less stealthy.
 T - an amulet of the acrobat
 Y - a ring of wizardry
Wands
 i - a wand of flame (15) (quivered)
 w - a wand of charming (1)
 X - a wand of digging (3)
Scrolls
 t - 2 scrolls of torment
 y - a scroll of fear
 E - 6 scrolls of teleportation
 H - a scroll of magic mapping
 U - 2 scrolls of amnesia
 V - 3 scrolls of vulnerability
Potions
 b - 2 potions of lignification
 c - 3 potions of ambrosia {unknown}
 d - 2 potions of curing
 e - 6 potions of attraction
 l - 2 potions of brilliance
 r - 4 potions of flight
 z - 2 potions of mutation {unknown}
 B - a potion of resistance
 C - 4 potions of haste {unknown}
 O - 2 potions of cancellation
 Z - a potion of magic
Miscellaneous
 K - a tin of tremorstones (2/2)


   Skills:
 + Level 11.0 Fighting
 - Level 14.1 Short Blades
 - Level 4.0 Throwing
 - Level 4.0 Armour
 - Level 4.0 Dodging
 - Level 4.0 Stealth
 * Level 11.5 Shields
 - Level 1.0 Spellcasting
 + Level 7.3 Evocations


You had 15 spell levels left.
You didn't know any spells.
Your spell library contained the following spells:

 Spells                   Type           Power      Damage    Failure   Level
 Apportation              Tloc           0%         N/A       54%         1
 Sting                    Tmut/Pois      0%         1d3       54%         1
 Summon Small Mammal      Summ           0%         N/A       54%         1
 Ensorcelled Hibernation  Hex/Ice        0%         N/A       67%         2
 Poisonous Vapours        Pois/Air       0%         N/A       67%         2
 Scorch                   Fire           0%         2d5       67%         2
 Sublimation of Blood     Necr           0%         N/A       67%         2
 Wereblood                Tmut           0%         N/A       67%         2
 Call Canine Familiar     Summ           0%         N/A       88%         3
 Inner Flame              Hex/Fire       0%         N/A       88%         3
 Spider Form              Tmut/Pois      0%         N/A       88%         3
 Summon Guardian Golem    Hex/Summ       0%         N/A       88%         3
 Anguish                  Hex/Necr       0%         N/A       99%         4
 Cause Fear               Hex            0%         N/A       99%         4
 Flame Wave               Conj/Fire      0%         2d4       99%         4
 Olgreb's Toxic Radiance  Pois           0%         N/A       99%         4
 Summon Lightning Spire   Summ/Air       0%         N/A       99%         4
 Alistair's Intoxication  Tmut/Pois      0%         N/A       100%        5
 Summon Cactus Giant      Summ           0%         N/A       100%        6
 Ozocubu's Refrigeration  Ice            0%         4d5       100%        7
 Storm Form               Tmut/Air       0%         N/A       100%        7
 Summon Hydra             Summ           0%         N/A       100%        7
 Discord                  Hex            0%         N/A       100%        8
 Ignition                 Fire           0%         3d3       100%        8


Dungeon Overview and Level Annotations

Branches:
Dungeon (10/15)            Temple (1/1) D:5            Lair (5/5) D:10
 Shoals (0/4) Lair:2        Snake (0/4) Lair:2          Orc (0/2) D:10
  Slime: Lair:4-5

Altars:
Ashenzari
Cheibriados
Dithmenos
Fedhas
Gozag
Hepliaklqana
Kikubaaqudgha
Makhleb
Nemelex Xobeh
Okawaru
Qazlal
Ru
Sif Muna
Trog
Uskayaw
Vehumet
Wu Jian
Xom
Yredelemnul
Jiyva

Shops:
D:5 [*


Innate Abilities, Weirdness & Mutations

You have a pair of horns on your head.
You are mostly covered in yellow scales. (AC +3)
A meltable shield of frost defends you. (SH +4)


Message History

The elephant is heavily wounded.
The elephant tramples you.
* * * LOW HITPOINT WARNING * * *
You hold your ground!
You block the elephant's attack.
Your elephant tramples something!
Something stumbles backwards!
You hit the elephant.
The elephant looks as sick as possible!
You headbutt the elephant!
The elephant is severely wounded.
You block the elephant's attack.
The elephant trunk-slaps you but does no damage.
The komodo dragon bites something but does no damage.
You puncture the elephant!
The elephant looks as sick as possible!
You headbutt the elephant, but do no damage.
The elephant is almost dead.
Something tramples the komodo dragon but does no damage.
Something barely misses the komodo dragon.
You block the elephant's attack.
The elephant trunk-slaps you but does no damage.
The elephant tramples you.
* * * LOW HITPOINT WARNING * * *
You hold your ground!
You block the elephant's attack.
The komodo dragon bites something!!
Aiming: Charm
Press: ? - help, Shift-Dir - straight line, f - elephant
Aim: an elephant (chance to affect: 31%)
The elephant easily resists.
You block the elephant's attack.
The elephant trunk-slaps you but does no damage.
You block the elephant's attack. x2; The elephant tramples you.
* * * LOW HITPOINT WARNING * * *
You hold your ground!
The elephant trunk-slaps you but does no damage.
Aiming: Charm
Press: ? - help, Shift-Dir - straight line, f/p - elephant
Aim: an elephant (chance to affect: 31%)
The elephant is charmed.
You kill the elephant!
The komodo dragon bites you!
* * * LOW HITPOINT WARNING * * *
You feel better. The komodo dragon bites you!
You die...

#......<............ ##
......(.P##......... .#.
.....$..###P..P.#. .(..
.P............##.##...$_
P.P#.........<##..#.....
## ##...................
#..?................
P.........l#Y..?P...
..##....##@#.###### #
##.P#.##### ### #


You could see a komodo dragon and a friendly elephant (charmed).

Vanquished Creatures
  A dire elephant (Lair:1)
  4 entropy weavers (Lair:3)
  The ghost of enile the Thaumaturge, a journeyman OpFE of Vehumet (D:10)
  A hydra (Lair:4)
  A boulder beetle (Lair:1)
  A rakshasa (D:9)
  4 ghost crabs (Lair:3)
  A catoblepas (Lair:4)
  A centaur warrior (D:10)
  4 death yaks
  Amaemon (Lair:1)
  7 fire crabs
  An orc knight (D:9)
  A manticore (Lair:1)
  An apocalypse crab (Lair:3)
  4 black mambas
  12 elephants
  An orange demon (Lair:1)
  13 cane toads
  Maggie (Lair:2)
  5 rime drakes (Lair:1)
  2 torpor snails (Lair:1)
  Psyche (D:10)
  An unseen horror (D:10)
  4 komodo dragons
  A polar bear (Lair:1)
  2 trolls
  A hornet (D:9)
  A snapping turtle (Lair:2)
  Grinder (D:3)
  9 blink frogs
  3 shadows
  Sigmund (D:2)
  31 yaks
  2 wyverns (Lair:1)
  2 basilisks
  4 steam dragons
  Grum (Lair:1)
  A vampire mosquito (Lair:5)
  Menkaure (D:6)
  Edmund (D:6)
  2 nagas (Lair:2)
  4 wargs
  11 water moccasins
  9 orc warriors
  3 sky beasts
  3 ice beasts
  2 black bears
  7 wolves
  2 centaurs (D:9)
  2 phantoms
  2 kobold brigands
  A gnoll sergeant (D:8)
  9 bullfrogs
  16 wights
  4 troll zombies (D:10)
  2 electric eels
  2 howler monkeys (D:9)
  A bullfrog zombie (D:6)
  3 jellies
  2 hounds
  6 orc priests
  Jessica (D:3)
  Ijyb (D:4)
  Terence (D:3)
  6 iguanas
  5 orc wizards
  A killer bee zombie (D:6)
  4 ogre zombies (D:10)
  5 gnolls
  7 adders
  2 white imps
  An ufetubus (D:6)
  5 worms
  A dart slug (D:1)
  37 orcs
  8 endoplasms
  6 giant cockroaches
  9 goblins
  6 hobgoblins
  2 jackals (D:4)
  4 quokkas
  8 ball pythons
  7 bats
  3 frilled lizards
  A goblin skeleton (D:10)
  4 goblin zombies (D:10)
  2 hobgoblin skeletons (D:10)
  3 hobgoblin zombies (D:10)
  14 kobolds
  15 orc zombies (D:10)
  4 rats
402 creatures vanquished.

Vanquished Creatures (collateral kills)
  A dire elephant (Lair:1)
1 creature vanquished.

Vanquished Creatures (others)
  2 elephants
  A yaktaur (D:9)
  An electric eel (D:8)
  An ufetubus (D:6)
  13 fungi
  150 plants
168 creatures vanquished.

Grand Total: 571 creatures vanquished

Notes
Turn   | Place    | Note
-------+----------+-------------------------------------------
     0 | D:1      | IdlyInterested the Demonspawn Wanderer began the quest for
                  | the Orb.
     0 | D:1      | IdlyInterested set off with the following items: a +1
                  | rapier, a potion of lignification, a potion of curing, a +0
                  | robe.
     0 | D:1      | Reached XP level 1. HP: 18/18 MP: 2/2
   564 | D:1      | Reached skill level 3 in Short Blades
   564 | D:1      | Gained mutation: You have a pair of small horns on your
                  | head. [demonic ancestry]
   564 | D:1      | Reached XP level 2. HP: 12/24 MP: 3/3
  1006 | D:1      | You fall into a shaft and drop 1 floor!
  1307 | D:2      | Reached skill level 1 in Armour
  1307 | D:2      | Reached XP level 3. HP: 27/29 MP: 4/4
  2160 | D:2      | Gained mutation: You are partially covered in yellow
                  | scales. (AC +2) [demonic ancestry]
  2160 | D:2      | Reached XP level 4. HP: 25/36 MP: 5/5
  2582 | D:2      | Noticed Sigmund
  2594 | D:2      | Killed Sigmund
  2595 | D:2      | Reached skill level 5 in Short Blades
  2595 | D:2      | Reached skill level 1 in Shields
  2595 | D:2      | Reached XP level 5. HP: 41/42 MP: 6/6
  2868 | D:3      | Found an iron altar of Okawaru.
  3043 | D:3      | Noticed Grinder
  3069 | D:3      | Paralysed by Grinder for 2 turns
  3073 | D:3      | Killed Grinder
  3074 | D:3      | Reached skill level 1 in Throwing
  3074 | D:3      | Reached XP level 6. HP: 14/49 MP: 7/7
  3310 | D:3      | Noticed Jessica
  3318 | D:3      | Killed Jessica
  3319 | D:3      | Reached skill level 6 in Short Blades
  3368 | D:3      | Found a faded altar of an unknown god.
  3583 | D:3      | Noticed Terence
  3598 | D:3      | Killed Terence
  3900 | D:4      | Identified a scroll of acquirement
  3900 | D:4      | Acquired a manual of Spellcasting
  4078 | D:4      | Reached XP level 7. HP: 55/55 MP: 8/8
  4468 | D:4      | Noticed Ijyb
  4482 | D:4      | Killed Ijyb
  4706 | D:5      | Entered Level 5 of the Dungeon
  5172 | D:5      | Found a staircase to the Ecumenical Temple.
  5193 | D:5      | Reached skill level 5 in Fighting
  5224 | Temple   | Entered the Ecumenical Temple
  5567 | D:5      | Reached skill level 7 in Short Blades
  5573 | D:5      | Gained mutation: You are mostly covered in yellow scales.
                  | (AC +3) [demonic ancestry]
  5573 | D:5      | Reached XP level 8. HP: 34/62 MP: 9/9
  6060 | D:5      | Found Ybouxaim's Antique Armour Emporium.
  6062 | D:5      | Found Sakiytoo's Assorted Antiques.
  6541 | D:5      | Found a snail-covered altar of Cheibriados.
  6745 | D:5      | Bought a scroll labelled BUOTOY NADD for 24 gold pieces
  6745 | D:5      | Bought a scroll labelled BUOTOY NADD for 24 gold pieces
  6745 | D:5      | Bought a silver ring for 120 gold pieces
  6780 | D:6      | Identified the amulet of Lyator {Reflect rPois Str+2 SH+5}
  7352 | D:6      | Reached skill level 8 in Short Blades
  7532 | D:6      | Noticed Menkaure
  7545 | D:6      | Killed Menkaure
  7833 | D:6      | Noticed Edmund
  7890 | D:6      | Killed Edmund
  8099 | D:6      | Gained mutation: A meltable shield of frost defends you.
                  | (SH +4) [demonic ancestry]
  8099 | D:6      | Reached XP level 9. HP: 62/69 MP: 10/10
  8136 | D:6      | Found a basalt altar of Yredelemnul.
  9251 | D:5      | Bought an embroidered scarf for 192 gold pieces
  9363 | D:8      | Reached skill level 9 in Short Blades
  9398 | D:8      | Noticed a troll
  9504 | D:8      | Killed a troll
  9505 | D:8      | Reached skill level 5 in Shields
  9704 | D:8      | Found a blossoming altar of Fedhas.
 10680 | D:9      | Reached skill level 10 in Short Blades
 10793 | D:9      | Noticed a rakshasa
 10795 | D:9      | Noticed a yaktaur
 10828 | D:9      | Identified the +0 spear "Impslayer" {venom, rPois Str+2
                  | Int+4}
 10830 | D:9      | Killed a rakshasa
 10831 | D:9      | Gained mutation: You have a pair of horns on your head.
                  | [demonic ancestry]
 10831 | D:9      | Reached XP level 10. HP: 45/76 MP: 11/11
 10838 | D:9      | Identified the ring of Jijo Xu Rei {rElec rN++ rCorr MP+9
                  | Stlth-}
 11371 | D:9      | Noticed an orc knight
 11419 | D:9      | Killed an orc knight
 11617 | D:9      | Reached skill level 11 in Short Blades
 11956 | D:9      | Found a bloodstained altar of Trog.
 12213 | D:9      | Found a hazy altar of Hepliaklqana.
 12377 | D:5      | Bought a glowing scale mail for 175 gold pieces
 12514 | D:10     | Entered Level 10 of the Dungeon
 12554 | D:10     | Noticed Psyche
 12567 | D:10     | Killed Psyche
 12925 | D:10     | Found a staircase to the Orcish Mines.
 13365 | D:10     | Reached XP level 11. HP: 59/84 MP: 12/12
 13493 | D:10     | Noticed a centaur warrior
 13508 | D:10     | Killed a centaur warrior
 13579 | D:10     | Found a hide-covered altar of Uskayaw.
 13596 | D:10     | Found a runed translucent gate.
 13597 | D:10     | Found a runed translucent gate.
 13597 | D:10     | Noticed enile's ghost (journeyman OpFE)
 13598 | D:10     | Found a runed translucent gate.
 13813 | D:10     | Found a staircase to the Lair.
 14123 | D:10     | Reached skill level 12 in Short Blades
 14750 | D:10     | Killed enile's ghost
 14954 | Lair:1   | Entered Level 1 of the Lair of Beasts
 14954 | Lair:1   | Noticed Amaemon
 14964 | Lair:1   | Killed Amaemon
 14967 | Lair:1   | Noticed a boulder beetle
 15005 | Lair:1   | Killed a boulder beetle
 15388 | Lair:1   | Reached skill level 5 in Evocations
 15673 | Lair:1   | Noticed Grum
 15685 | Lair:1   | Killed Grum
 16121 | Lair:1   | Reached XP level 12. HP: 88/94 MP: 13/13
 16175 | Lair:1   | Reached skill level 13 in Short Blades
 16679 | Lair:1   | Noticed a dire elephant
 17008 | Lair:1   | Noticed a dire elephant
 17038 | Lair:1   | Killed a dire elephant
 17655 | Lair:1   | Killed a dire elephant
 18409 | Lair:2   | Noticed Maggie
 18427 | Lair:2   | Killed Maggie
 18776 | Lair:2   | Found a staircase to the Snake Pit.
 19243 | Lair:2   | Found a staircase to the Shoals.
 19432 | Lair:3   | Noticed a death yak
 19432 | Lair:3   | Noticed a death yak
 19432 | Lair:3   | Noticed a death yak
 19439 | Lair:3   | Noticed a death yak
 19464 | Lair:2   | Killed a death yak
 19465 | Lair:2   | Reached skill level 14 in Short Blades
 19473 | Lair:2   | Killed a death yak
 19474 | Lair:2   | Reached XP level 13. HP: 34/102 MP: 14/14
 19904 | Lair:3   | Found a runed translucent door.
 20599 | Lair:3   | You fall into a shaft and drop 1 floor!
 21424 | Lair:3   | Reached skill level 10 in Fighting
 21558 | Lair:3   | Noticed an entropy weaver
 21565 | Lair:3   | Killed an entropy weaver
 21586 | Lair:3   | Reached skill level 10 in Shields
 21838 | Lair:3   | Noticed an entropy weaver
 21848 | Lair:3   | Killed an entropy weaver
 22431 | Lair:3   | Noticed an entropy weaver
 22447 | Lair:3   | Killed an entropy weaver
 22704 | Lair:3   | Noticed an entropy weaver
 22712 | Lair:3   | Killed an entropy weaver
 22858 | Lair:3   | Got Retev's Treatise on the Squall
 25160 | Lair:5   | Entered Level 5 of the Lair of Beasts
 25282 | Lair:5   | Found a viscous altar of Jiyva.
 25371 | Lair:5   | Reached XP level 14. HP: 50/111 MP: 15/15
 25414 | Lair:5   | HP: 3/113 [komodo dragon (8)]
 25415 | Lair:5   | Slain by a komodo dragon

Illustrated notes

Levels and vault maps discovered:
D:1:      nzn_arrival_depleted_hourglass, layout_basic, wad_floor_pattern_1
D:2:      layout_basic, st_stairs_9, uniq_sigmund
D:3:      layout_basic, okawaru_metal_pillars_1_2,
          dreamdust_ecumenical_altar_statues, uniq_jessica, uniq_grinder,
          uniq_terence
D:4:      layout_loops_corners, uniq_ijyb
D:5:      layout_basic, lemuel_round_altar, minmay_temple_entry_ruins,
          serial_corexii_hall, corexii_hall_statues_l,
          chequers_hall_statues_corner_a, corexii_hall_statues_x,
          nicolae_wooded_promenade
D:6:      layout_loops_ring, lemuel_zombie_altar_yredelemnul,
          lightli_orcish_oven, uniq_edmund, uniq_menkaure
D:7:      layout_rooms
D:8:      layout_rooms, fedhas_altar_2, disabler_island
D:9:      minmay_the_grid_3x2 [minmay_the_grid_armoury,
          minmay_the_grid_outer_circle, minmay_the_grid_garden,
          minmay_the_grid_empty, minmay_the_grid_doors,
          minmay_the_grid_prize_diamond_cup], layout_gridville,
          mainiacjoe_overflow_two_lobes
D:10:     layout_basic, mainiacjoe_overflow_alcove_1, erik_lair_orcish_takeover,
          zombieorc2_lemuel, biasface_ghost_orc_armoury, uniq_psyche
Temple:   eino_wide_crystal_templ
Lair:1:   layout_regular_city, nicolae_lair_lakeside_cave, uniq_amaemon,
          uniq_grum
Lair:2:   layout_cave_shapes, minmay_shoals_entry_hut,
          guppyfry_snake_entry_garden, uniq_maggie
Lair:3:   gammafunk_mikee_crab_dinner, layout_loops_ring,
          infiniplex_staircase_pool_2
Lair:4:   layout_hall_layers, serial_forest, infiniplex_forest_clump_medium,
          infiniplex_forest_end_1, infiniplex_forest_end_3,
          infiniplex_forest_corner_2, infiniplex_forest_straight_4,
          infiniplex_forest_clump_curved, infiniplex_forest_clump_double
Lair:5:   minmay_lair_end_frog_pond, layout_layer_cave, slime_entry_1

Skill      XL: |  1  2  3  4  5  6  7  8  9 10 11 12 13 14 |
---------------+-------------------------------------------+-----
Short Blades   | 3 5 6 7 8 10 11 12 14 | 14.1
Armour         | 1 2 4 |  4.0
Fighting       | 4 5 6 7 8 9 10 11 | 11.0
Shields        | 1 2 4 5 6 8 9 11 | 11.5
Throwing       | 1 2 4 |  4.0
Evocations     | 2 4 5 6 7 |  7.3
Dodging        | 2 4 |  4.0
Stealth        | 2 3 4 |  4.0
Spellcasting   | |  1.0

Action                   |  1- 3 |  4- 6 |  7- 9 | 10-12 | 13-15 || total
-------------------------+-------+-------+-------+-------+-------++-------
Melee: Dagger            |   109 |    96 |   611 |  1447 |   575 ||  2838
       Rapier            |     2 |       |       |       |       ||     2
       Headbutt          |    21 |    15 |   155 |   460 |   165 ||   816
Throw: Dart              |       |       |     4 |     3 |     2 ||     9
       Javelin           |       |       |       |     2 |       ||     2
       Throwing net      |       |       |       |     1 |     4 ||     5
Evoke: Wand              |       |       |    10 |    20 |    18 ||    48
       Tin of tremorston |       |       |       |       |     1 ||     1
  Use: Scroll            |       |    10 |     9 |     4 |     2 ||    25
       Potion            |       |     1 |     2 |     7 |     6 ||    16
 Stab: Sleeping          |     5 |     2 |       |       |     1 ||     8
       Invisible         |       |       |       |     4 |    16 ||    20
       Held in net/web   |       |       |       |       |     4 ||     4
       Petrified         |       |       |       |       |     2 ||     2
Armor: Robe              |    14 |       |       |       |       ||    14
       Ring mail         |     1 |    19 |    94 |   154 |   108 ||   376
       Leather armour    |       |    11 |       |       |       ||    11
Dodge: Dodged            |    46 |    39 |   146 |   336 |    99 ||   666
       Repelled          |       |       |     1 |     3 |     1 ||     5
Block: Buckler           |     9 |    17 |   222 |   647 |   307 ||  1202
       Reflection        |       |       |     3 |     9 |       ||    12

Table legend: (Time is in decaauts)
 A = Elapsed time spent in this place.
 B = Non-inter-level travel time spent in this place.
 C = Inter-level travel time spent in this place.
 D = Time resting spent in this place.
 E = Time spent auto-exploring this place.
 F = Levels seen in this place.
 G = Mean time per level.
                   A        B        C        D        E       F      G
               +--------+--------+--------+--------+--------+-----+--------+
         Total |  24227 |  22243 |   1984 |   8122 |   9524 |  16 | 1514.2 |
       Dungeon |  14302 |  12678 |   1624 |   3829 |   5966 |  10 | 1430.2 |
        Temple |    323 |    311 |     12 |    269 |     29 |   1 |  323.0 |
          Lair |   9601 |   9253 |    348 |   4024 |   3529 |   5 | 1920.2 |
               +--------+--------+--------+--------+--------+-----+--------+

Top non-repeatable levels by time:
  Lair:1: 2811 daAuts
  Lair:3: 2730 daAuts
  Lair:4: 2584 daAuts
    D:10: 2199 daAuts
     D:9: 1911 daAuts
     D:6: 1687 daAuts
     D:1: 1613 daAuts
     D:5: 1578 daAuts
  Lair:2: 1390 daAuts
     D:2: 1250 daAuts
     D:8: 1224 daAuts
     D:4: 1074 daAuts
     D:3: 995 daAuts
     D:7: 766 daAuts
  Temple: 323 daAuts
